AoeStats
← SHUN

Nomad

510558533Analyzed
2v2 RM · 17h ago on Oct 1, 2026· 51m 52s· 4 players
Game mode
Random Map
Map size
176×176
Population
200
Speed
Normal
Resources
Standard
Victory
Conquest
Starting age
Dark Age
Ending age
Imperial Age
RankedLock teamsTeams togetherTeam positionsShared explorationLock speedFull tech treeHidden civsTurbo modeCheats
Victory
Defeat
🇵🇱 Poles · Poland
956
+18
🇵🇱 Mongols · Poland
955
+18
🇧🇴 Vikings · Bolivia
1017
-19
🇧🇴 Huns · Bolivia
972
-17
ѯ ҉ ҉ ѯ
10:26 Loom
12:45 Feudal Age
11:08 Loom
14:21 Double-Bit Axe
14:57 Fletching
21:05 Fletching
24:20 Castle Age
25:12 Bow Saw
24:47 Crossbowman
26:34 Stone Mining
27:40 Wheelbarrow
28:45 Thumb Ring
29:25 Bodkin Arrow
30:15 Hand Cart
29:56 Town Watch
30:31 Hand Cart
30:52 Bloodlines
31:18 Light Cavalry
33:41 Scale Barding Armor
33:38 Scale Mail Armor
36:00 Chain Barding Armor
35:52 Forging
35:53 Szlachta Privileges
37:48 Husbandry
42:35 Imperial Age
39:50 Horse Collar
42:35 Chain Barding Armor
42:26 Forging
43:15 Ballistics
43:07 Masonry
43:00 Cavalier
45:59 Heavy Plow
45:23 Winged Hussar
47:33 Conscription
48:58 Town Patrol
49:59 Lechitic Legacy
50:37 Iron Casting
50:03 Bracer
50:22 Chain Mail Armor
PROFESOR WUJ
12:04 Feudal Age
14:14 Double-Bit Axe
15:13 Horse Collar
17:23 Fletching
18:42 Wheelbarrow
22:55 Castle Age
22:36 Bloodlines
23:15 Crossbowman
24:17 Bow Saw
25:43 Light Cavalry
27:15 Hand Cart
29:59 Bodkin Arrow
30:04 Padded Archer Armor
30:10 Elite Skirmisher
30:57 Stone Mining
30:57 Gold Mining
32:39 Forging
32:47 Leather Archer Armor
35:35 Ballistics
35:26 Masonry
38:26 Thumb Ring
44:18 Imperial Age
45:30 Iron Casting
44:56 Scale Mail Armor
45:03 Scale Barding Armor
46:28 Chemistry
45:20 Arbalester
45:23 Onager
47:49 Siege Engineers
49:46 Drill
49:49 Siege Onager
51:44 Bracer
52:44 Blast Furnace
SHUN
3:23 Loom
16:24 Feudal Age
23:04 Castle Age
24:51 Gold Mining
25:08 Crossbowman
26:20 Padded Archer Armor
28:10 Double-Bit Axe
29:02 Gold Shaft Mining
28:11 Horse Collar
30:45 Bow Saw
30:50 Fletching
32:19 Heavy Plow
32:55 Leather Archer Armor
32:35 Bodkin Arrow
33:19 Forging
38:31 Imperial Age
36:07 Scale Mail Armor
38:00 Squires
37:50 Arson
38:45 Iron Casting
38:26 Chain Mail Armor
39:31 Arbalester
41:04 Bracer
41:35 Ring Archer Armor
42:32 Chieftains
42:53 Conscription
46:48 Blast Furnace
OscarNassir
3:18 Loom
15:32 Feudal Age
25:52 Castle Age
38:13 Town Watch
40:39 Wheelbarrow
39:58 Light Cavalry
40:50 Bloodlines
44:11 Imperial Age
42:18 Double-Bit Axe
42:15 Horse Collar
43:13 Forging
43:04 Scale Mail Armor
43:10 Scale Barding Armor
44:40 Iron Casting
44:11 Husbandry
44:43 Cavalier
45:36 Marauders
Connection lost

Rejoining the realm…

Still unreachable

The connection could not be restored.

Session expired

The server has moved on; the page needs a fresh start.